| TOP OF THE 1ST |
|
Bozeman Pheasants batting - Pitching for Minot Jets : RHP Julio Molina
|
|
Pitching: RHP Julio Molina
|
|
|
Batting: SHB Marlin Methven
|
0-0: Ball 1-0: Foul Ball, location: 2F 1-1: Ball 2-1: Ball 3-1: Base on Balls
|
|
Batting: RHB Willie Picchioni
|
0-0: Ball 1-0: Called Strike 1-1: Ball 2-1: Fielders Choice at 2nd, 6-4 (Groundball, 6, EV 103.8 MPH)
|
|
Batting: RHB Terry McGriff
|
0-0: Called Strike 0-1: Ball 1-1: Ball 2-1: Ball 3-1: Fly out, F3 (Popup, 23F, EV 80.6 MPH)
|
|
Batting: LHB Steve Padia
|
0-0: Ball Willie Picchioni is caught stealing 2nd base 2-6
|
| Top of the 1st over - 0 runs, 0 hits, 0 errors, 0 left on base; Bozeman 0 - Minot 0 |
| BOTTOM OF THE 1ST |
|
Minot Jets batting - Pitching for Bozeman Pheasants : RHP Freddie Toliver
|
|
Pitching: RHP Freddie Toliver
|
|
|
Batting: RHB Tony Beal
|
0-0: Ball 1-0: Ball 2-0: Ball 3-0: Called Strike 3-1: Fly out, F2 (Popup, 15S, EV 79.4 MPH)
|
|
Batting: SHB William Eiland
|
0-0: Ball 1-0: Ball 2-0: Ball 3-0: Called Strike 3-1: Called Strike 3-2: Ground out 2-3 (Groundball, 15S, EV 71.3 MPH)
|
|
Batting: LHB Douglas Reibel
|
0-0: Called Strike 0-1: Ball 1-1: Swinging Strike 1-2: Ball 2-2: Foul Ball, location: 2F 2-2: Ball 3-2: Base on Balls
|
|
Batting: RHB Troy Afenir
|
0-0: Swinging Strike 0-1: Called Strike 0-2: Ball 1-2: Ball 2-2: Foul Ball, location: 2F 2-2: Strikes out looking
|
| Bottom of the 1st over - 0 runs, 0 hits, 0 errors, 1 left on base; Bozeman 0 - Minot 0 |
| TOP OF THE 2ND |
|
Bozeman Pheasants batting - Pitching for Minot Jets : RHP Julio Molina
|
|
Batting: LHB Steve Padia
|
0-0: Foul Ball, location: 2F 0-1: Swinging Strike 0-2: Ground out 6-3 (Groundball, 56, EV 96.3 MPH)
|
|
Batting: LHB Russ Orrick
|
0-0: Called Strike 0-1: Ball 1-1: Called Strike 1-2: Hit by Pitch
|
|
Batting: RHB Tom Duggan
|
0-0: Ball 1-0: Ball 2-0: Grounds into double play, 6-4-3 (Groundball, 6, EV 80.6 MPH)
|
| Top of the 2nd over - 0 runs, 0 hits, 0 errors, 0 left on base; Bozeman 0 - Minot 0 |
| BOTTOM OF THE 2ND |
|
Minot Jets batting - Pitching for Bozeman Pheasants : RHP Freddie Toliver
|
|
Batting: RHB Roberto Balaguer
|
0-0: Ball 1-0: Ball 2-0: Called Strike 2-1: Ball 3-1: Called Strike 3-2: Base on Balls
|
|
Batting: SHB Ken Kinnard
|
0-0: Called Strike 0-1: Ground out 4-3 (Groundball, 34, EV 104.4 MPH) Roberto Balaguer to second
|
|
Batting: RHB William Phillips
|
0-0: Foul Ball, location: 2F 0-1: Swinging Strike 0-2: Ball 1-2: Ball 2-2: Ball 3-2: Ground out 5-3 (Groundball, 56S, EV 90.0 MPH)
|
|
Batting: RHB Jesus Aybar
|
0-0: Ball 1-0: Ball 2-0: Ball 3-0: Called Strike 3-1: Fly out, F7 (Flyball, 78S, EV 89.4 MPH)
|
| Bottom of the 2nd over - 0 runs, 0 hits, 0 errors, 1 left on base; Bozeman 0 - Minot 0 |
| TOP OF THE 3RD |
|
Bozeman Pheasants batting - Pitching for Minot Jets : RHP Julio Molina
|
|
Batting: LHB Billy Fink
|
0-0: Called Strike 0-1: Ball 1-1: Foul Ball, location: 2F 1-2: Ball 2-2: Ground out 4-3 (Groundball, 34, EV 108.8 MPH)
|
|
Batting: RHB Greg Toler
|
0-0: Swinging Strike 0-1: Ground out 6-3 (Groundball, 6, EV 85.0 MPH)
|
|
Batting: RHB John Duncan
|
0-0: Foul Ball, location: 2F 0-1: Fly out, F7 (Flyball, 78M, EV 80.0 MPH)
|
| Top of the 3rd over - 0 runs, 0 hits, 0 errors, 0 left on base; Bozeman 0 - Minot 0 |
| BOTTOM OF THE 3RD |
|
Minot Jets batting - Pitching for Bozeman Pheasants : RHP Freddie Toliver
|
|
Batting: RHB Hugo Olivas
|
0-0: Ball 1-0: Ball 2-0: Called Strike 2-1: Ball 3-1: Base on Balls
|
|
Batting: RHB Tony Beal
|
0-0: Ground out 5-3 (Groundball, 56, EV 101.9 MPH) Hugo Olivas to second
|
|
Batting: SHB William Eiland
|
0-0: Swinging Strike 0-1: Foul Ball, location: 2F 0-2: Strikes out swinging
|
|
Batting: LHB Douglas Reibel
|
0-0: Swinging Strike 0-1: Foul Ball, location: 2F 0-2: Ball 1-2: Ball 2-2: SINGLE (Groundball, 34S, EV 91.3 MPH) (infield hit) Hugo Olivas to third
|
|
Batting: RHB Troy Afenir
|
0-0: Ball 1-0: Ball 2-0: Ball 3-0: Fly out, F4 (Popup, 34, EV 80.6 MPH)
|
| Bottom of the 3rd over - 0 runs, 1 hit, 0 errors, 2 left on base; Bozeman 0 - Minot 0 |
| TOP OF THE 4TH |
|
Bozeman Pheasants batting - Pitching for Minot Jets : RHP Julio Molina
|
|
Batting: SHB Marlin Methven
|
0-0: Ball 1-0: Ground out 4-3 (Groundball, 4, EV 84.4 MPH)
|
|
Batting: RHB Willie Picchioni
|
0-0: Ground out 5-3 (Groundball, 56S, EV 72.5 MPH)
|
|
Batting: RHB Terry McGriff
|
0-0: Ball 1-0: Called Strike 1-1: Foul Ball, location: 2F 1-2: Strikes out swinging
|
| Top of the 4th over - 0 runs, 0 hits, 0 errors, 0 left on base; Bozeman 0 - Minot 0 |
| BOTTOM OF THE 4TH |
|
Minot Jets batting - Pitching for Bozeman Pheasants : RHP Freddie Toliver
|
|
Batting: RHB Roberto Balaguer
|
0-0: Called Strike 0-1: Foul Ball, location: 2F 0-2: TRIPLE (Flyball, 89XD, EV 114.4 MPH)
|
|
Batting: SHB Ken Kinnard
|
0-0: Ball 1-0: Foul Ball, location: 2F 1-1: Ball 2-1: Foul Ball, location: 2F 2-2: Strikes out swinging
|
|
Batting: RHB William Phillips
|
0-0: Ball 1-0: Ball 2-0: Foul Ball, location: 2F 2-1: Ground out 4-3 (Groundball, 4S, EV 87.5 MPH) Roberto Balaguer scores
|
|
Batting: RHB Jesus Aybar
|
0-0: Called Strike 0-1: Ball 1-1: Swinging Strike 1-2: Ball 2-2: Foul Ball, location: 2F 2-2: Fly out, F8 (Flyball, 78D, EV 93.1 MPH)
|
| Bottom of the 4th over - 1 run, 1 hit, 0 errors, 0 left on base; Bozeman 0 - Minot 1 |
| TOP OF THE 5TH |
|
Bozeman Pheasants batting - Pitching for Minot Jets : RHP Julio Molina
|
|
Batting: LHB Steve Padia
|
0-0: Called Strike 0-1: Foul Ball, location: 2F 0-2: Foul Ball, location: 2F 0-2: Ball 1-2: Foul Ball, location: 2F 1-2: Ball 2-2: DOUBLE (Flyball, 8RXD, EV 105.0 MPH)
|
|
Batting: LHB Russ Orrick
|
0-0: Ball Wild Pitch! Steve Padia to third 1-0: Called Strike 1-1: Ground out 5-3 (Groundball, 56S, EV 75.6 MPH) Steve Padia scores
|
|
Batting: RHB Tom Duggan
|
0-0: Swinging Strike 0-1: SINGLE (Flyball, 7S, EV 91.3 MPH)
|
|
Batting: LHB Billy Fink
|
0-0: Ball 1-0: Grounds into double play, 4-6-3 (Groundball, 4, EV 103.8 MPH)
|
| Top of the 5th over - 1 run, 2 hits, 0 errors, 0 left on base; Bozeman 1 - Minot 1 |
| BOTTOM OF THE 5TH |
|
Minot Jets batting - Pitching for Bozeman Pheasants : RHP Freddie Toliver
|
|
Batting: RHB Hugo Olivas
|
0-0: Fly out, F8 (Flyball, 8RS, EV 88.8 MPH)
|
|
Batting: RHB Tony Beal
|
0-0: Ball 1-0: Called Strike 1-1: Ball 2-1: Fly out, F9 (Flyball, 89D, EV 103.1 MPH)
|
|
Batting: SHB William Eiland
|
0-0: Ball 1-0: Ball 2-0: Ball 3-0: Base on Balls
|
|
Batting: LHB Douglas Reibel
|
0-0: Called Strike 0-1: Ball 1-1: Ball 2-1: Ball 3-1: Base on Balls William Eiland to second
|
|
Batting: RHB Troy Afenir
|
0-0: Fly out, F4 (Popup, 4S, EV 65.6 MPH)
|
| Bottom of the 5th over - 0 runs, 0 hits, 0 errors, 2 left on base; Bozeman 1 - Minot 1 |
| TOP OF THE 6TH |
|
Bozeman Pheasants batting - Pitching for Minot Jets : RHP Julio Molina
|
|
Batting: RHB Greg Toler
|
0-0: Called Strike 0-1: Ball 1-1: Foul Ball, location: 2F 1-2: Ball 2-2: Foul Ball, location: 2F 2-2: Foul Ball, location: 2F 2-2: SINGLE (Line Drive, 89S, EV 95.6 MPH)
|
|
Batting: RHB John Duncan
|
0-0: Ball 1-0: SINGLE (Line Drive, 8RS, EV 95.6 MPH) Greg Toler to second Runner from 2nd tries for 3rd, SAFE, no throw by CF
|
|
Batting: SHB Marlin Methven
|
0-0: Ball 1-0: SINGLE (Line Drive, 8LS, EV 100.0 MPH) Greg Toler scores John Duncan to second
|
|
Batting: RHB Willie Picchioni
|
0-0: Ball 1-0: Sac Bunt to 15S - play at first, batter OUT! 1-4 John Duncan to third Marlin Methven to second
|
|
Batting: RHB Terry McGriff
|
0-0: SINGLE (Line Drive, 8RS, EV 95.6 MPH) John Duncan scores Marlin Methven to third
|
|
Batting: LHB Steve Padia
|
0-0: Ball 1-0: Ball 2-0: SINGLE (Groundball, 56, EV 103.1 MPH) Marlin Methven scores Terry McGriff to second
|
|
Batting: LHB Russ Orrick
|
0-0: Fielders Choice at 2nd, 4-6 (Groundball, 4M, EV 102.5 MPH) Terry McGriff to third
|
|
Batting: RHB Tom Duggan
|
0-0: Fielders Choice at 2nd, 6-4 (Groundball, 6, EV 88.8 MPH)
|
| Top of the 6th over - 3 runs, 5 hits, 0 errors, 2 left on base; Bozeman 4 - Minot 1 |
| BOTTOM OF THE 6TH |
|
Minot Jets batting - Pitching for Bozeman Pheasants : RHP Freddie Toliver
|
|
Batting: RHB Roberto Balaguer
|
0-0: Foul Ball, location: 2F 0-1: Ball 1-1: Fly out, F9 (Line Drive, 9, EV 95.0 MPH)
|
|
Batting: SHB Ken Kinnard
|
0-0: Called Strike 0-1: Ball 1-1: Called Strike 1-2: Ball 2-2: Ball 3-2: Fly out, F9 (Flyball, 89S, EV 91.9 MPH)
|
|
Batting: RHB William Phillips
|
0-0: Called Strike 0-1: Fly out, F8 (Flyball, 89D, EV 94.4 MPH)
|
| Bottom of the 6th over - 0 runs, 0 hits, 0 errors, 0 left on base; Bozeman 4 - Minot 1 |
| TOP OF THE 7TH |
|
Bozeman Pheasants batting - Pitching for Minot Jets : RHP Julio Molina
|
|
Batting: LHB Billy Fink
|
0-0: Ball 1-0: Called Strike 1-1: Ball 2-1: Ball 3-1: Base on Balls
|
|
Pitching: RHP Guillermo Thomas
|
|
|
Batting: RHB Greg Toler
|
0-0: Swinging Strike 0-1: Foul Ball, location: 2F 0-2: Ball 1-2: Ground out 3-1 (Groundball, 34S, EV 86.3 MPH) Billy Fink to second
|
|
Batting: RHB John Duncan
|
0-0: Fly out, F3 (Popup, 3SF, EV 76.9 MPH)
|
|
Batting: SHB Marlin Methven
|
0-0: Ball 1-0: Ball 2-0: Called Strike 2-1: Foul Ball, location: 2F 2-2: Ball 3-2: Base on Balls
|
|
Batting: RHB Willie Picchioni
|
0-0: Fly out, F6 (Flyball, 56D, EV 88.8 MPH)
|
| Top of the 7th over - 0 runs, 0 hits, 0 errors, 2 left on base; Bozeman 4 - Minot 1 |
| BOTTOM OF THE 7TH |
|
Minot Jets batting - Pitching for Bozeman Pheasants : RHP Freddie Toliver
|
|
Batting: RHB Jesus Aybar
|
0-0: SINGLE (Line Drive, 8RS, EV 96.9 MPH)
|
|
Batting: RHB Hugo Olivas
|
0-0: Called Strike Jesus Aybar steals 2nd base 0-1: Ground out 1-3 (Groundball, 15S, EV 75.6 MPH)
|
|
Batting: RHB Tony Beal
|
0-0: Ball 1-0: Ball 2-0: Ball 3-0: Called Strike 3-1: Ground out 5-3 (Groundball, 56S, EV 61.3 MPH) Jesus Aybar to third
|
|
Batting: SHB William Eiland
|
0-0: Called Strike 0-1: Swinging Strike 0-2: Strikes out swinging
|
| Bottom of the 7th over - 0 runs, 1 hit, 0 errors, 1 left on base; Bozeman 4 - Minot 1 |
| TOP OF THE 8TH |
|
Bozeman Pheasants batting - Pitching for Minot Jets : RHP Guillermo Thomas
|
|
Batting: RHB Terry McGriff
|
0-0: Ball 1-0: Called Strike 1-1: Ball 2-1: Foul Ball, location: 2F 2-2: Ball 3-2: SOLO HOME RUN (Flyball, 7D, EV 93.8 MPH), Distance : 407 ft
|
|
Batting: LHB Steve Padia
|
0-0: Ball 1-0: Called Strike 1-1: Foul Ball, location: 2F 1-2: Foul Ball, location: 2F 1-2: SINGLE (Line Drive, 9S, EV 103.8 MPH)
|
|
Batting: LHB Russ Orrick
|
0-0: Ball 1-0: Ball 2-0: Called Strike 2-1: Fly out, F8 (Flyball, 8RM, EV 85.6 MPH)
|
|
Batting: RHB Tom Duggan
|
0-0: Called Strike 0-1: Ball 1-1: Ball 2-1: Fly out, F8 (Flyball, 8RS, EV 83.8 MPH)
|
|
Batting: LHB Billy Fink
|
0-0: Foul Ball, location: 2F 0-1: Ball 1-1: Called Strike 1-2: Foul Ball, location: 2F 1-2: Strikes out swinging
|
| Top of the 8th over - 1 run, 2 hits, 0 errors, 1 left on base; Bozeman 5 - Minot 1 |
| BOTTOM OF THE 8TH |
|
Minot Jets batting - Pitching for Bozeman Pheasants : RHP Freddie Toliver
|
|
Batting: LHB Douglas Reibel
|
0-0: Ball 1-0: Ball 2-0: Ball 3-0: Called Strike 3-1: Base on Balls
|
|
Batting: RHB Troy Afenir
|
0-0: Grounds into double play, 6-4-3 (Groundball, 6S, EV 83.1 MPH)
|
|
Batting: RHB Roberto Balaguer
|
0-0: Ball 1-0: Called Strike 1-1: Ball 2-1: Called Strike 2-2: Foul Ball, location: 2F 2-2: Foul Ball, location: 2F 2-2: Foul Ball, location: 2F 2-2: Ball 3-2: SINGLE (Line Drive, 89S, EV 106.9 MPH)
|
|
Batting: SHB Ken Kinnard
|
0-0: Ball 1-0: Swinging Strike 1-1: Ground out U3 (Groundball, 3, EV 93.1 MPH)
|
| Bottom of the 8th over - 0 runs, 1 hit, 0 errors, 1 left on base; Bozeman 5 - Minot 1 |
| TOP OF THE 9TH |
|
Bozeman Pheasants batting - Pitching for Minot Jets : RHP Guillermo Thomas
|
|
Batting: RHB Greg Toler
|
0-0: Called Strike 0-1: Ball 1-1: Called Strike 1-2: Strikes out swinging
|
|
Batting: RHB John Duncan
|
0-0: Ball 1-0: Foul Ball, location: 2F 1-1: Foul Ball, location: 2F 1-2: Ball 2-2: Strikes out looking
|
|
Batting: SHB Marlin Methven
|
0-0: Ball 1-0: Foul Ball, location: 2F 1-1: Ball 2-1: Swinging Strike 2-2: Ball 3-2: SINGLE (Line Drive, 4D, EV 98.1 MPH)
|
|
Pitching: LHP Gregory Carne
|
|
|
Batting: RHB Willie Picchioni
|
0-0: Ball 1-0: Ball 2-0: Swinging Strike 2-1: Fielders Choice at 2nd, 6-4 (Groundball, 6, EV 93.1 MPH)
|
| Top of the 9th over - 0 runs, 1 hit, 0 errors, 1 left on base; Bozeman 5 - Minot 1 |
| BOTTOM OF THE 9TH |
|
Minot Jets batting - Pitching for Bozeman Pheasants : RHP Freddie Toliver
|
|
Batting: RHB William Phillips
|
0-0: SINGLE (Groundball, 56S, EV 72.5 MPH) (infield hit)
|
|
Batting: RHB Jesus Aybar
|
0-0: Ball 1-0: Ball 2-0: Swinging Strike 2-1: Reached on error, E2 (Groundball, 15S, EV 71.3 MPH) William Phillips to second
|
|
Batting: RHB Hugo Olivas
|
0-0: Called Strike 0-1: Fly out, F9 (Flyball, 9S, EV 89.4 MPH)
|
|
Batting: RHB Tony Beal
|
0-0: Ball 1-0: Ground out 5-3 (Groundball, 56S, EV 72.5 MPH) William Phillips to third Jesus Aybar to second
|
|
Batting: SHB William Eiland
|
0-0: Foul Ball, location: 2F 0-1: Swinging Strike 0-2: Ball 1-2: Foul Ball, location: 2F 1-2: Foul Ball, location: 2F 1-2: Ball 2-2: Foul Ball, location: 2F 2-2: Strikes out swinging
|
| Bottom of the 9th over - 0 runs, 1 hit, 1 error, 2 left on base; Bozeman 5 - Minot 1 |
|